 Dungeon Crawl Stone Soup version 0.19-a0-1632-g9dea0c8 (webtiles) character file.

110934 AlphabetPasta the Severer (level 15, 0/137 HPs)
             Began as a Minotaur Monk on Sept 21, 2016.
             Was the Champion of the Shining One.
             Slain by the 26-headed Lernaean hydra (3 damage)
             ... on level 3 of the Swamp.
             The game lasted 01:51:43 (22306 turns).

AlphabetPasta the Severer (Minotaur Monk)          Turns: 22306, Time: 01:51:43

Health: 0/137      AC: 16    Str: 23    XL:     15   Next: 73%
Magic:  18/21      EV: 21    Int:  7    God:    the Shining One [******]
Gold:   1311       SH:  6    Dex:  7    Spells: 0 memorised, 14 levels left

rFire  + . .     SeeInvis .     c - +5 mace "Zeotecin" {freeze, +Inv rElec rC++ Dex-5}
rCold  + + +     Gourm    +     P - +3 scale mail of the Undertaker {MR++ Str+3 Dex-3}
rNeg   + + +     Faith    .     (no shield)
rPois  +         Spirit   .     w - -2 hat of the Alchemist {rElec rPois rF+ rC+ rN+ MR+ rMut rCorr}
rElec  +         Dismiss  .     K - +2 cloak
rCorr  +         Reflect  .     k - +1 pair of gloves
rMut   +         Harm     .     (no boots)
MR     ++++.                    j - amulet of the gourmand
Stlth  ..........               L - +6 ring of evasion
                                o - +5 ring of slaying

@: divine shield, about to teleport, glowing
A: retaliatory headbutt, horns 2
a: Divine Shield, Cleansing Flame, Summon Divine Warrior, Brand Weapon With Holy
Wrath, Renounce Religion, Evoke Invisibility
}: 1/15 runes: decaying


You were on level 3 of the Swamp.
You worshipped the Shining One.
The Shining One was exalted by your worship.
You were very full.

You visited 4 branches of the dungeon, and saw 21 of its levels.
You also visited: Sewer and Ice Cave.

You collected 2951 gold pieces.
You spent 1640 gold pieces at shops.

Inventory:

Hand Weapons
 a - a +0 battleaxe
 b - a +0 hand crossbow
 c - the +5 mace "Zeotecin" (weapon) {freeze, +Inv rElec rC++ Dex-5}
   (You found it on level 4 of the Dungeon)

   It has been specially enchanted to freeze those struck by it, causing extra
   injury to most foes and up to half again as much damage against particularly
   susceptible opponents.
   It can also slow down cold-blooded creatures.
   It affects your dexterity (-5).
   It greatly protects you from cold.
   It insulates you from electricity.
   It lets you turn invisible.
Missiles
 q - 32 bolts
 y - 2 javelins (quivered)
Armour
 k - a +1 pair of gloves (worn)
 w - the -2 hat of the Alchemist (worn) {rElec rPois rF+ rC+ rN+ MR+ rMut rCorr}
   (You bought it in a shop on level 2 of the Orcish Mines)

   It protects you from fire.
   It protects you from cold.
   It insulates you from electricity.
   It protects you from poison.
   It protects you from negative energy.
   It affects your resistance to hostile enchantments.
   It protects you from acid and corrosion.
   It protects you from mutation.
 K - a +2 cloak (worn)
 P - the +3 scale mail of the Undertaker (worn) {MR++ Str+3 Dex-3}
   (You found it on level 9 of the Dungeon)

   It affects your strength (+3).
   It affects your dexterity (-3).
   It affects your resistance to hostile enchantments.
Jewellery
 j - an amulet of the gourmand (around neck)
 o - a +5 ring of slaying (left hand)
 r - an uncursed ring of see invisible
 u - an uncursed ring of protection from fire
 B - an uncursed ring of resist corrosion
 I - a +4 ring of strength
 L - a +6 ring of evasion (right hand)
Wands
 e - a wand of disintegration (9/24)
 f - a wand of teleportation (0/9)
 A - a wand of iceblast (0/15)
 C - a wand of lightning (9/15)
 O - a wand of paralysis (15/24)
 Q - a wand of flame (23/48)
 R - a wand of digging (12/24)
 S - a wand of confusion (29/48)
 T - a wand of acid (3/15)
 U - a wand of acid (7/15)
Scrolls
 p - 3 scrolls of fear
 s - a scroll of teleportation
 t - 7 scrolls of remove curse
 x - 2 scrolls of fog
 z - a scroll of recharging
 G - 6 scrolls of enchant weapon
Potions
 d - 3 potions of brilliance
 h - 2 potions of magic
 i - a potion of might
 l - a potion of flight {unknown}
 n - a potion of haste {unknown}
 v - 4 potions of curing
 E - a potion of cancellation
 F - a potion of cure mutation {unknown}
 J - a potion of resistance
 N - a potion of agility
Comestibles
 g - 8 meat rations
 m - 23 fruits
 D - 7 slices of pizza
 H - a beef jerky
 M - 9 bread rations


   Skills:
 + Level 13.7 Fighting
 + Level 15.9 Axes
 * Level 13.4 Crossbows
 + Level 13.4 Armour
 + Level 12.6 Dodging
 - Level 1.5 Stealth
 + Level 10.0 Invocations


You had 14 spell levels left.
You didn't know any spells.

Dungeon Overview and Level Annotations

Branches:
Dungeon (15/15)            Temple (1/1) D:4           Swamp (3/3) D:14
  Snake (0/3) D:13            Orc (2/2) D:9             Elf (0/3) Orc:2
 Vaults (0/4) D:15         Depths (0/5) D:15
   Lair: D:-1         Crypt: Vaults:-1

Altars:
Ashenzari
Cheibriados
Dithmenos
Elyvilon
Fedhas
Gozag
Hepliaklqana
Kikubaaqudgha
Makhleb
Nemelex Xobeh
Okawaru
Qazlal
Ru
Sif Muna
Trog
Uskayaw
Vehumet
Xom
Yredelemnul
Zin
The Shining One
Beogh

Shops:
D:4 [   D:7 !   D:8 =   Orc:2 }(*[

Annotations:
Swamp:3 Lernaean hydra


Innate Abilities, Weirdness & Mutations

You reflexively headbutt those who attack you in melee.
You have a pair of horns on your head.


Message History

The 26-headed Lernaean hydra bites you but does no damage.
The 26-headed Lernaean hydra barely misses you.
The 26-headed Lernaean hydra bites you but does no damage.
The 26-headed Lernaean hydra bites you.
* * * LOW HITPOINT WARNING * * *
The 26-headed Lernaean hydra closely misses you.
The 26-headed Lernaean hydra barely misses you.
The 26-headed Lernaean hydra closely misses you. x2
The 26-headed Lernaean hydra barely misses you.
The 26-headed Lernaean hydra bites you!
* * * LOW HITPOINT WARNING * * *
The 26-headed Lernaean hydra misses you.
The 26-headed Lernaean hydra bites you.
* * * LOW HITPOINT WARNING * * *
The 26-headed Lernaean hydra bites you! The Shining One protects you from harm!
The 26-headed Lernaean hydra bites you. The Shining One protects you from harm!
You fail to use your ability.
The 26-headed Lernaean hydra bites you.
You die...

≈.≈.. ♣vv.≈ ♣♣.≈v♣
. ♣♣≈.v.♣ ≈.
♣♣♣..≈.v♣♣
≈≈≈♣≈..≈≈≈.≈
≈.≈≈≈≈≈≈.♣♣♣♣
#####≈≈≈.≈≈≈≈≈§≈##
##@..####'#+#'####.
#).D..#.≈≈......#..
≈≈.≈
#.....#.(....P8≈#..
...≈.
#.....#≈P..#..≈≈#..
♣..♣..
##....'.8..#§.8.'..
♣....§♣
####'#...#.#A≈.#'#
♣♣≈..(.≈♣
#.§....(..#≈.8...≈
♣♣≈§≈≈≈≈..
#.(≈(.8...#.≈.(D8D
♣DDn≈≈≈≈.≈
≈.P.≈....≈.#....≈.P


You could see the 26-headed Lernaean hydra.

Vanquished Creatures
  Agnes (D:14)
  A thorn hunter (Swamp:3)
  3 orc warlords
  Nessos (D:14)
  An ogre mage (D:15)
  15 hydras
  2 ice dragons (IceCv)
  A catoblepas (D:15)
  2 ghost crabs (Swamp:2)
  3 centaur warriors
  3 alligators (Swamp:1)
  2 dancing weapons (D:15)
  5 orc high priests (Orc:2)
  Sonja (D:12)
  A fire crab (shapeshifter) (D:12)
  7 swamp dragons
  3 skeletal warriors (D:14)
  A wizard (D:15)
  2 shambling mangroves
  2 unseen horrors
  A spriggan druid (Swamp:2)
  7 hill giants
  6 orc knights
  A deep elf mage (D:13)
  A wolf spider zombie (D:15)
  An orc sorcerer (D:15)
  2 cyclopes
  9 ugly things
  21 slime creatures
  A manticore (D:11)
  2 ice statues (IceCv)
  Joseph (D:7)
  3 naga magi (D:15)
  A gargoyle (D:15)
  3 kobold demonologists
  4 spiny frogs
  2 rime drakes (IceCv)
  A freezing wraith (D:14)
  An efreet (D:15)
  A komodo dragon (Swamp:2)
  5 tyrant leeches
  9 trolls
  Prince Ribbit (D:5)
  4 two-headed ogres
  2 dream sheep (D:8)
  3 hippogriffs
  12 bog bodies
  A centaur simulacrum (D:15)
  Eustachio (D:5)
  2 spriggans (Swamp:1)
  A wraith (D:13)
  3 shadows
  A wyvern (D:13)
  27 yaks
  21 vampire mosquitoes
  3 angry ghosts
  9 swamp worms
  Menkaure (D:4)
  4 insubstantial wisps (Swamp:3)
  6 wargs
  A soldier ant (D:14)
  53 orc warriors
  18 ice beasts
  14 swamp drakes
  3 phantoms
  2 eyes of draining
  5 wasps
  5 sky beasts
  A necrophage (D:6)
  15 ogres
  14 centaurs
  A crocodile (D:14)
  Blork the orc (D:4)
  4 big kobolds
  A wyvern zombie (D:15)
  6 bullfrogs
  2 scorpions
  6 killer bees
  18 wights
  3 howler monkeys
  8 crimson imps
  6 centaur zombies
  A bullfrog zombie (D:13)
  A lava snake (D:13)
  A quasit (D:15)
  6 centaur skeletons
  10 hounds
  A bullfrog skeleton (D:12)
  31 orc priests
  A gnoll shaman (D:7)
  2 jellies
  4 iguanas
  Ijyb (D:3)
  23 orc wizards
  9 worker ants
  A hound zombie (D:7)
  A hound skeleton (D:7)
  2 worker ant zombies
  7 gnolls
  A river rat (D:4)
  14 adders
  2 shadow imps
  11 oozes
  3 adder skeletons
  5 dart slugs
  10 leopard geckos
  147 orcs
  13 ball pythons
  8 giant cockroaches
  14 goblins
  11 hobgoblins
  6 jackals
  2 quokkas
  7 bats (D:1)
  16 frilled lizards
  A jackal skeleton (D:8)
  10 kobolds
  A leopard gecko skeleton (D:4)
  A leopard gecko zombie (D:5)
  A quokka skeleton (D:6)
  A quokka zombie (D:5)
  7 rats
823 creatures vanquished.

Vanquished Creatures (others)
  A human (D:2)
  An orc (Orc:1)
  5 fungi (Swamp:3)
  3 plants (Swamp:3)
10 creatures vanquished.

Grand Total: 833 creatures vanquished

Notes
Turn   | Place    | Note
-------+----------+-------------------------------------------
     0 | D:1      | AlphabetPasta the Minotaur Monk began the quest for the Orb.
     0 | D:1      | Reached XP level 1. HP: 19/19 MP: 0/0
   102 | D:1      | Reached XP level 2. HP: 24/27 MP: 1/1
   238 | D:1      | Reached skill level 4 in Axes
   400 | D:1      | Reached skill level 1 in Armour
   582 | D:1      | Reached XP level 3. HP: 29/33 MP: 2/2
   929 | D:2      | Reached XP level 4. HP: 35/41 MP: 3/3
  1417 | D:2      | Found an ancient bone altar of Kikubaaqudgha.
  1418 | D:2      | Noticed a human
  1420 | D:2      | Killed a human
  1614 | D:4      | Reached skill level 5 in Axes
  1617 | D:4      | Reached XP level 5. HP: 43/47 MP: 4/4
  1623 | D:4      | Reached skill level 5 in Fighting
  1670 | D:4      | Found Waunn's Armour Boutique.
  1729 | D:4      | Found a glowing drain.
  1729 | D:4      | Noticed Blork the orc
  1737 | D:4      | Killed Blork the orc
  1739 | D:4      | Reached XP level 6. HP: 29/56 MP: 5/5
  1761 | D:4      | Noticed Menkaure
  1769 | D:4      | Killed Menkaure
  1769 | D:4      | Reached skill level 6 in Axes
  1911 | Sewer    | Entered a sewer
  2197 | Sewer    | Reached XP level 7. HP: 51/63 MP: 6/6
  2247 | D:4      | Found a staircase to the Ecumenical Temple.
  2318 | Temple   | Entered the Ecumenical Temple
  2600 | D:3      | Noticed Ijyb
  2604 | D:3      | Killed Ijyb
  2604 | D:3      | Reached skill level 7 in Axes
  2646 | D:3      | Reached skill level 5 in Dodging
  2883 | D:4      | Got a slimy mace
  3029 | D:4      | Found a shadowy altar of Dithmenos.
  3213 | D:5      | Entered Level 5 of the Dungeon
  3311 | D:5      | Noticed Eustachio
  3319 | D:5      | Killed Eustachio
  3319 | D:5      | Reached XP level 8. HP: 47/71 MP: 7/7
  3395 | D:5      | Noticed Prince Ribbit
  3400 | D:5      | Killed Prince Ribbit
  3400 | D:5      | Reached skill level 8 in Axes
  3417 | D:5      | Reached skill level 5 in Armour
  3881 | D:6      | Reached skill level 9 in Axes
  3956 | D:6      | Reached XP level 9. HP: 62/80 MP: 8/8
  4300 | D:7      | Noticed Joseph
  4312 | D:7      | Killed Joseph
  4312 | D:7      | Reached skill level 10 in Axes
  4719 | D:7      | Found a sacrificial altar of Ru.
  4822 | D:7      | Found Wiph's Distillery.
  4827 | D:7      | Bought a potion of resistance for 130 gold pieces
  4991 | D:8      | Reached skill level 11 in Axes
  5282 | D:8      | Found Devistreng's Jewellery Shoppe.
  5293 | D:8      | Found a blossoming altar of Fedhas.
  5305 | D:8      | Found a glowing golden altar of the Shining One.
  5307 | D:8      | Found a basalt altar of Yredelemnul.
  5309 | D:8      | Became a worshipper of the Shining One
  5309 | D:8      | Reached * piety under the Shining One
  5309 | D:8      | Reached ** piety under the Shining One
  5311 | D:8      | Found a burning altar of Makhleb.
  5315 | D:8      | Found a bloodstained altar of Trog.
  5317 | D:8      | Found a shattered altar of Ashenzari.
  5375 | D:8      | Reached skill level 1 in Invocations
  5375 | D:8      | Reached XP level 10. HP: 80/91 MP: 9/9
  5412 | D:8      | Noticed a three-headed hydra
  5414 | D:8      | Identified the +5 mace "Zeotecin" {freeze, +Inv rElec rC++ Dex-5} (You found it on level 4 of the Dungeon)
  5420 | D:8      | Killed a three-headed hydra
  5630 | D:9      | Found a radiant altar of Vehumet.
  5646 | D:9      | Reached skill level 12 in Axes
  5890 | D:9      | Got a spiked scale mail
  5901 | D:9      | Identified the +3 scale mail of the Undertaker {MR++ Str+3 Dex-3} (You found it on level 9 of the Dungeon)
  6200 | D:9      | Found a staircase to the Orcish Mines.
  6547 | D:9      | Found a deep blue altar of Sif Muna.
  6579 | D:10     | Entered Level 10 of the Dungeon
  7100 | D:10     | Reached skill level 10 in Fighting
  7147 | D:10     | Noticed a hill giant
  7149 | D:10     | Reached *** piety under the Shining One
  7153 | D:10     | Reached XP level 11. HP: 96/99 MP: 10/12
  7155 | D:10     | Killed a hill giant
  7246 | D:11     | Noticed a hill giant
  7252 | D:11     | Killed a hill giant
  7252 | D:11     | Reached skill level 1 in Crossbows
  7467 | D:11     | Reached skill level 13 in Axes
  7795 | D:11     | Noticed a hill giant
  7803 | D:11     | Killed a hill giant
  7944 | D:11     | Reached **** piety under the Shining One
  7951 | D:11     | Reached skill level 5 in Invocations
  8027 | D:12     | Reached skill level 5 in Crossbows
  8159 | D:12     | Noticed a fire crab
  8167 | D:12     | Killed a fire crab
  8192 | D:12     | Reached XP level 12. HP: 69/108 MP: 15/15
  8234 | D:12     | Noticed a five-headed hydra
  8250 | D:12     | Killed a five-headed hydra
  8451 | D:12     | Found a roughly hewn altar of Beogh.
  8850 | D:12     | Noticed Sonja
  8862 | D:12     | Killed Sonja
  8976 | D:12     | Reached skill level 10 in Armour
  8976 | D:12     | Reached skill level 10 in Dodging
  9099 | Orc:1    | Entered Level 1 of the Orcish Mines
  9249 | Orc:2    | Entered Level 2 of the Orcish Mines
  9252 | Orc:2    | Found a staircase to the Elven Halls.
  9273 | Orc:1    | Noticed an orc warlord
  9437 | Orc:1    | Killed an orc warlord
  9600 | Orc:1    | Noticed an orc warlord
  9898 | Orc:2    | Killed an orc warlord
 10277 | Orc:2    | Noticed an orc warlord
 10772 | Orc:2    | Killed an orc warlord
 10772 | Orc:2    | Reached skill level 14 in Axes
 11578 | Orc:2    | Reached XP level 13. HP: 90/116 MP: 14/17
 11634 | Orc:2    | Reached ***** piety under the Shining One
 12636 | Orc:2    | Found Yrphol's Gadget Shoppe.
 12639 | Orc:2    | Found Acuigieff's Assorted Antiques.
 12640 | Orc:2    | Found Xeunnuim's Antique Armour Shoppe.
 12641 | Orc:2    | Found Doiducun's Weapon Emporium.
 12644 | Orc:2    | Bought the -2 hat of the Alchemist {rElec rPois rF+ rC+ rN+ MR+ rMut rCorr} for 1510 gold pieces
 12989 | D:13     | Found a frozen archway.
 13026 | IceCv    | Entered an ice cave
 13339 | IceCv    | Got a sparkling steel ring
 13666 | IceCv    | Identified the ring of the Scavenger {MP+9 Dex+2} (You found it in an ice cave)
 13859 | D:13     | Reached skill level 10 in Crossbows
 14007 | D:13     | Found a shimmering altar of Xom.
 14076 | D:13     | Found a staircase to the Snake Pit.
 14501 | D:14     | Noticed Nessos
 14531 | D:14     | Killed Nessos
 14531 | D:14     | Reached XP level 14. HP: 55/126 MP: 19/19
 14813 | D:14     | Noticed Agnes
 14821 | D:14     | Killed Agnes
 15052 | D:14     | Reached ****** piety under the Shining One
 15053 | D:14     | Found a staircase to the Swamp.
 15632 | D:15     | Entered Level 15 of the Dungeon
 15697 | D:14     | Reached skill level 15 in Axes
 16556 | D:15     | Found a gate to the Vaults.
 16884 | D:15     | Found a shattered altar of Ashenzari.
 17047 | D:15     | Found a staircase to the Depths.
 18747 | Swamp:1  | Entered Level 1 of the Swamp
 19261 | Swamp:1  | Reached XP level 15. HP: 133/135 MP: 21/21
 21053 | Swamp:3  | Entered Level 3 of the Swamp
 21551 | Swamp:3  | Noticed a thorn hunter
 21558 | Swamp:3  | Killed a thorn hunter
 22030 | Swamp:3  | Reached skill level 10 in Invocations
 22256 | Swamp:3  | Noticed the 27-headed Lernaean hydra
 22296 | Swamp:3  | Got a decaying rune of Zot
 22305 | Swamp:3  | HP: 4/137 [the 26-headed Lernaean hydra (10)]
 22305 | Swamp:3  | The Shining One protects you from harm!
 22305 | Swamp:3  | The Shining One protects you from harm!
 22306 | Swamp:3  | Slain by the 26-headed Lernaean hydra

Vault maps used:
D:1:      eino_arrival_cavern_e, hex_intersection, minmay_octomino_c4
D:2:      tgw_kikubaaqudgha
D:3:      first_bread, uniq_iyjb
D:4:      lemuel_coloured_pillars_altar, serial_shops, shop_fountains,
          portal_sewer_entry_a, uniq_menkaure, uniq_blork_the_orc
D:5:      uniq_eustachio, uniq_prince_ribbit1
D:6:      lemuel_old_faithful
D:7:      serial_shops, kennysheep_little_box, nicolae_ru_awakened_eye,
          uniq_joseph
D:8:      minitemple, serial_shops, shop, hangedman_ranch
D:9:      vehumet_crystals, marbit_many_paths, david_orc_4
D:12:     grunt_ministairs_14, uniq_sonja
D:13:     dummy_snake_entry, portal_ice_cave_entry_pillars_1, xom_teletrap_fun
D:14:     swamp_mist_pool, hex_tiny, uniq_agnes, uniq_nessos
D:15:     grunt_enter_depths_magical_seal, erik_vaults_1, basic_altar
Temple:   nicolae_temple_x_marks_the_god
Swamp:1:  evilmike_swamp_ruin_house_6, swamp_pool2
Swamp:2:  nicolae_swamp_stair_fork, cheibrodos_swamp_kobolds
Swamp:3:  grunt_swamp_rune_castle, swamp_pool1
Orc:2:    st_orc_pillars
Sewer:    sewer_frog_island_02
IceCv:    ice_cave_small_dragons

Skill      XL: |  1  2  3  4  5  6  7  8  9 10 11 12 13 14 15 |
---------------+----------------------------------------------+-----
Axes           | 4 5 6 7 9 11 12 13 14 15 | 15.9
Armour         | 1 2 3 4 5 7 8 9 10 11 12 13 | 13.4
Fighting       | 4 5 6 7 9 10 11 12 13 | 13.7
Dodging        | 4 5 6 7 8 9 10 11 12 | 12.6
Invocations    | 1 3 5 6 8 9 10 | 10.0
Crossbows      | 5 8 10 12 13 | 13.4
Stealth        | |  1.5

Action                   |  1- 3 |  4- 6 |  7- 9 | 10-12 | 13-15 || total
-------------------------+-------+-------+-------+-------+-------++-------
Melee: Hand axe          |    67 |    50 |       |       |       ||   117
       Headbutt          |    10 |    25 |    34 |   105 |   227 ||   401
       War axe           |       |    89 |   224 |   348 |       ||   661
       Mace              |       |       |       |    10 |    54 ||    64
       Battleaxe         |       |       |       |   151 |   874 ||  1025
 Fire: Hand crossbow     |       |       |       |    10 |    59 ||    69
Throw: Javelin           |       |       |     2 |     3 |     1 ||     6
Invok: Divine Shield     |       |       |       |     4 |     9 ||    13
       Cleansing Flame   |       |       |       |     1 |       ||     1
       Summon Divine War |       |       |       |       |     1 ||     1
Evoke: Wand              |       |       |       |       |     6 ||     6
  Use: Scroll            |     5 |     3 |    11 |     5 |     7 ||    31
       Potion            |       |     1 |     2 |     4 |     6 ||    13
 Stab: Sleeping          |     2 |       |       |       |       ||     2
       Petrified         |       |       |       |       |     2 ||     2
  Eat: Chunk             |       |     4 |     9 |    14 |    52 ||    79
       Royal jelly       |       |       |     1 |     1 |       ||     2
       Beef jerky        |       |       |       |     2 |     2 ||     4
       Pizza             |       |       |       |     1 |     1 ||     2
       Fruit             |       |       |       |     1 |       ||     1
Armor: Robe              |     4 |       |       |       |       ||     4
       Ring mail         |     4 |    16 |       |       |       ||    20
       Chain mail        |       |    39 |    90 |    20 |       ||   149
       Scale mail        |       |       |       |   103 |   301 ||   404
Dodge: Dodged            |    51 |    69 |   107 |   462 |  1016 ||  1705
Block: Other             |       |       |       |    19 |    78 ||    97
